 Dungeon Crawl Stone Soup version 0.27-a0-679-g77a6b55cf3 (webtiles) character file.

Game seed: 3758869504528407615

16753 spiderkeys the Spear-Bearer (level 12, -24/91 (96) HPs)
             Began as a Human Berserker on Mar 19, 2021.
             Was a High Priest of Trog.
             Killed from afar by a deep elf knight (32 damage)
             ... with a shard of ice
             ... on level 11 of the Dungeon.
             The game lasted 00:24:17 (19986 turns).

spiderkeys the Spear-Bearer (Human Berserker)      Turns: 19986, Time: 00:24:19

HP:   -24/91 (96)   AC: 24    Str: 26    XL:     12   Next: 74%
MP:   12/12         EV: 11    Int:  9    God:    Trog [*****.]
Gold: 695           SH:  5    Dex: 15    Spells: 11/11 levels left

rFire    + . .     SeeInvis .   A - +5 spear (freeze)
rCold    x . .     Faith    .   o - +0 buckler
rNeg     . . .     Spirit   .   x - +0 plate armour
rPois    .         Reflect  .   l - +2 helmet
rElec    +         Harm     .   k - +2 cloak
rCorr    .         Rampage  .   h - +2 pair of gloves
Will     ++...                  (no boots)
Stlth    ..........             (no amulet)
HPRegen  1.25/turn              v - ring "Xeonnyf" {Fire rElec Str+4 Dex+3}
MPRegen  0.13/turn              (no ring)

@: berserk cooldown, regenerating, slowed, drained, very slow
A: no striking features
a: Renounce Religion, Berserk, Trog's Hand, Brothers in Arms


You were on level 11 of the Dungeon.
You worshipped Trog.
Trog was extremely pleased with you.
You visited 1 branch of the dungeon, and saw 12 of its levels.

You collected 695 gold pieces.

Inventory:

Hand Weapons
 A - a +5 spear of freezing (weapon)
Missiles
 i - 5 throwing nets
Armour
 h - a +2 pair of gloves (worn)
 k - a +2 cloak (worn)
 l - a +2 helmet (worn)
 o - a +0 buckler (worn)
 x - a +0 plate armour (worn)
Jewellery
 v - the ring "Xeonnyf" (right hand) {Fire rElec Str+4 Dex+3}
   (You found it on level 9 of the Dungeon)

   [ring of fire]

   It enhances your fire magic.
   It affects your strength (+4).
   It affects your dexterity (+3).
   It protects you from fire.
   It makes you vulnerable to cold.
   It insulates you from electricity.
Wands
 a - a wand of acid (4)
 n - a wand of random effects (35)
 r - a wand of flame (25)
 s - a wand of digging (4)
 t - a wand of mindburst (14)
Scrolls
 b - a scroll of fear
 f - a scroll of immolation
 z - 3 scrolls of enchant armour
Potions
 c - 3 potions of flight
 d - 2 potions of mutation
 e - 2 potions of cancellation
 g - 2 potions of brilliance {unknown}
 j - 2 potions of haste {unknown}
 m - a potion of heal wounds
 p - 2 potions of magic {unknown}
 q - 2 potions of curing
 u - 3 potions of lignification {unknown}
 w - 4 potions of might


   Skills:
 + Level 9.4 Fighting
 * Level 12.5 Polearms
 + Level 9.0 Armour
 + Level 9.0 Dodging
 - Level 4.0 Shields


You had 11 spell levels left.
You didn't know any spells.
Your spell library contained the following spells:

 Spells                   Type           Power      Damage    Failure   Level
 Animate Skeleton         Necr           0%         N/A       99%         1
 Apportation              Tloc           0%         N/A       99%         1
 Corona                   Hex            0%         N/A       99%         1
 Magic Dart               Conj           0%         1d3       99%         1
 Sting                    Tmut/Pois      0%         1d3       99%         1
 Summon Small Mammal      Summ           0%         N/A       99%         1
 Blink                    Tloc           N/A        N/A       99%         2
 Call Imp                 Summ           0%         N/A       99%         2
 Poisonous Vapours        Pois/Air       0%         N/A       99%         2
 Slow                     Hex            0%         N/A       99%         2
 Conjure Flame            Conj/Fire      0%         6-21      100%        3
 Ignite Poison            Fire/Tmut/Pois 0%         N/A       100%        3
 Mephitic Cloud           Conj/Pois/Air  0%         N/A       100%        3
 Olgreb's Toxic Radiance  Pois           0%         N/A       100%        4
 Freezing Cloud           Conj/Ice/Air   0%         6-21      100%        6


Dungeon Overview and Level Annotations

Branches:
Dungeon (12/15)              Lair (0/6) D:11            Orc (0/2) D:11
 Temple: D:4-7

Altars:
Cheibriados
Qazlal
Vehumet
Yredelemnul

Shops:
D:2 [   D:8 :   D:11 [

Annotations:
D:8 exclusions: obsidian statue and orange crystal statue
D:11 1 transporter


Message History

Aim: a kobold demonologist, wielding a +0 dagger and wearing a +0 robe (heavily wounded, covered in acid, 40% to evade)
The bolt of acid misses the kobold demonologist.
You hear a twanging sound.
An arrow appears from out of thin air!
You block the arrow.
You hear a twanging sound.
An arrow appears from out of thin air!
The arrow hits you!
The orc sorcerer howls an incantation.
The orc sorcerer glows brightly for a moment.
Aiming: Corrosive Bolt
Press: ? - help, Shift-Dir - straight line, f/p - kobold demonologist
Aim: a kobold demonologist, wielding a +0 dagger and wearing a +0 robe (heavily wounded, covered in acid, 40% to evade)
The bolt of acid hits the kobold demonologist!
The kobold demonologist is splashed with acid.
The kobold demonologist seems to be corroded for longer.
You kill the kobold demonologist!
Trog accepts your kill.
Trog appreciates your killing of a magic user.
The soul eater disappears in a puff of smoke!
A shard of ice appears from out of thin air!
The shard of ice hits you!!
You feel a painful chill!
* * * LOW HITPOINT WARNING * * *
You hear a twanging sound.
An arrow appears from out of thin air!
The arrow hits you!
* * * LOW HITPOINT WARNING * * *
You feel much better.
A shard of ice appears from out of thin air!
You block the shard of ice.
The orc sorcerer howls an incantation.
The orc sorcerer shimmers violently.
You hear a twanging sound.
An arrow appears from out of thin air!
The arrow hits you.
* * * LOW HITPOINT WARNING * * *
You hear a twanging sound.
An arrow appears from out of thin air!
The arrow hits you but does no damage.
The orc priest invokes the aid of Beogh against you.
Beogh smites you!
* * * LOW HITPOINT WARNING * * *
A shard of ice appears from out of thin air!
The shard of ice hits you!!
You feel a painful chill!
You die...

[................................
................................>
...........#########............#
...........# ####..#########.#
...........######.....#########..
.................................
.................©.....#####.....
#######......#########.# #..###
#......#8P@©.P8#.# #..#
#......#P.....P#.# #..#
#......####'####.# #..###
#######......#K≈...≈o#.#####.....
.............#o≈...≈)#...........
.............#o≈P≈≈≈{#...........
.............#K≈≈♣≈≈o#...........
.............#4≈≈≈≈≈o#...........
.............#.≈...≈.#...........


You could see an orange demon (summoned), 2 kobold demonologists, an orc
sorcerer and 4 orc priests.

Vanquished Creatures
  A hydra (D:9)
  Harold (D:11)
  A boulder beetle (D:12)
  The ghost of BlueFish the Basher, a journeyman FoAK of Lugonu (D:9)
  A death knight (D:11)
  3 two-headed ogres
  An unseen horror (D:10)
  A deep elf archer (D:12)
  3 ugly things
  A cyclops (D:12)
  Maurice (D:10)
  A komodo dragon (D:9)
  A kobold demonologist (D:11)
  A rime drake (D:9)
  2 trolls (D:11)
  2 hornets
  A slime creature (D:12)
  A golden eye (shapeshifter) (D:11)
  3 wargs
  5 orc warriors
  7 ice beasts
  3 sky beasts
  7 ogres
  2 phantoms
  5 centaurs
  11 bullfrogs
  2 kobold brigands
  Blork the orc (D:4)
  5 scorpions
  9 killer bees (D:10)
  A water moccasin skeleton (D:6)
  16 wights
  3 howler monkeys
  3 jellies
  2 hounds
  7 orc priests
  A centaur skeleton (D:4)
  A water moccasin simulacrum (D:9)
  Crazy Yiuf (D:2)
  3 iguanas
  8 orc wizards
  14 worker ants
  A killer bee zombie (D:10)
  A bullfrog simulacrum (D:9)
  A howler monkey zombie (D:5)
  2 worker ant zombies
  Robin (D:2)
  9 gnolls
  11 adders
  A shadow imp (D:5)
  5 white imps
  An ufetubus (D:6)
  2 oozes
  An adder skeleton (D:5)
  2 worms
  A dart slug (D:4)
  5 leopard geckos
  41 orcs
  7 bats
  3 giant cockroaches
  10 goblins
  13 hobgoblins
  5 jackals
  15 kobolds
  2 quokkas
  2 ball pythons (D:1)
  3 frilled lizards
  A jackal skeleton (D:4)
  A jackal zombie (D:5)
  A quokka skeleton (D:5)
  11 rats
303 creatures vanquished.

Vanquished Creatures (collateral kills)
  An orc priest (D:6)
  An orc wizard (D:6)
2 creatures vanquished.

Vanquished Creatures (others)
  An orc wizard (D:4)
  An adder (D:8)
  A withered plant (D:6)
3 creatures vanquished.

Grand Total: 308 creatures vanquished

Notes
Turn   | Place    | Note
-------+----------+-------------------------------------------
     0 | D:1      | spiderkeys the Human Berserker began the quest for the Orb.
     0 | D:1      | Reached XP level 1. HP: 18/18 MP: 1/1
   110 | D:1      | Reached XP level 2. HP: 24/24 MP: 2/2
   688 | D:1      | Reached XP level 3. HP: 28/29 MP: 3/3
  1381 | D:2      | Reached XP level 4. HP: 25/35 MP: 4/4
  1770 | D:2      | Reached ** piety under Trog
  2017 | D:2      | Found Fuamyx's Armour Shop.
  2209 | D:2      | Reached skill level 4 in Polearms
  2213 | D:2      | Noticed Robin
  2224 | D:2      | Killed Robin
  2225 | D:2      | Reached XP level 5. HP: 39/41 MP: 5/5
  2492 | D:2      | Found a runed translucent door.
  2493 | D:2      | Noticed Crazy Yiuf
  2568 | D:2      | Killed Crazy Yiuf
  3470 | D:4      | Found a stormy altar of Qazlal.
  3763 | D:4      | Reached XP level 6. HP: 27/48 MP: 6/6
  4399 | D:4      | Reached skill level 1 in Shields
  4425 | D:4      | Noticed Blork the orc
  4441 | D:4      | Killed Blork the orc
  4442 | D:4      | Reached skill level 5 in Polearms
  4442 | D:4      | Reached XP level 7. HP: 26/54 MP: 7/7
  6217 | D:5      | Entered Level 5 of the Dungeon
  6396 | D:5      | Reached XP level 8. HP: 52/61 MP: 8/8
  6576 | D:5      | Reached skill level 6 in Polearms
  6660 | D:5      | Identified the +1 robe "Rufothodocw" {rPois MP+9}
  6699 | D:5      | Reached *** piety under Trog
  7335 | D:5      | Reached skill level 5 in Fighting
  7661 | D:5      | Noticed a hornet
  7674 | D:5      | Killed a hornet
  7888 | D:5      | Reached skill level 7 in Polearms
  7888 | D:5      | Reached XP level 9. HP: 58/68 MP: 9/9
  8172 | D:6      | Found a basalt altar of Yredelemnul.
  8814 | D:6      | Reached skill level 5 in Armour
  8818 | D:6      | Reached skill level 5 in Dodging
  8918 | D:6      | Reached **** piety under Trog
  9329 | D:6      | Reached skill level 8 in Polearms
 10245 | D:6      | Found a radiant altar of Vehumet.
 10418 | D:7      | Reached XP level 10. HP: 46/76 MP: 10/10
 11146 | D:7      | Reached skill level 9 in Polearms
 11343 | D:8      | Noticed an obsidian statue
 11362 | D:8      | Reached ***** piety under Trog
 11594 | D:8      | Noticed a two-headed ogre
 11617 | D:8      | Killed a two-headed ogre
 12017 | D:8      | Noticed an orange crystal statue
 12789 | D:8      | Found Vaung's Book Shop.
 13050 | D:8      | Found a snail-covered altar of Cheibriados.
 13460 | D:9      | Noticed a komodo dragon
 13473 | D:9      | Killed a komodo dragon
 13834 | D:9      | You fall into a shaft and drop 3 floors!
 13850 | D:12     | Noticed a red ugly thing
 13861 | D:12     | Killed a red ugly thing
 13862 | D:12     | Reached skill level 10 in Polearms
 14290 | D:12     | Noticed a deep elf archer
 14304 | D:12     | Killed a deep elf archer
 14305 | D:12     | Reached XP level 11. HP: 84/84 MP: 11/11
 14698 | D:12     | Noticed a green ugly thing
 14699 | D:12     | Noticed a cyclops
 14723 | D:12     | Killed a green ugly thing
 14730 | D:12     | Killed a cyclops
 15041 | D:11     | Noticed a boulder beetle
 15074 | D:12     | Killed a boulder beetle
 15208 | D:11     | Found a staircase to the Orcish Mines.
 15229 | D:11     | Noticed a two-headed ogre
 15244 | D:11     | Killed a two-headed ogre
 15245 | D:11     | Reached skill level 11 in Polearms
 15342 | D:11     | Found Nyta's Armour Boutique.
 15472 | D:10     | Entered Level 10 of the Dungeon
 15551 | D:10     | Noticed Maurice
 15572 | D:10     | Killed Maurice
 15690 | D:10     | Killed an unseen horror
 16154 | D:9      | Noticed BlueFish's ghost (journeyman FoAK)
 16438 | D:9      | Found a runed translucent gate.
 16438 | D:9      | Found a runed translucent gate.
 16438 | D:9      | Found a runed translucent gate.
 16590 | D:9      | Noticed a two-headed ogre
 16596 | D:9      | Killed a two-headed ogre
 16943 | D:9      | Received a gift from Trog
 17103 | D:9      | Noticed a six-headed hydra
 17127 | D:9      | Killed a six-headed hydra
 17128 | D:9      | Reached XP level 12. HP: 94/94 MP: 12/12
 17393 | D:9      | Killed BlueFish's ghost
 17725 | D:9      | Identified the ring "Xeonnyf" {Fire rElec Str+4 Dex+3}
 17836 | D:10     | Reached skill level 12 in Polearms
 18838 | D:11     | Noticed a death knight
 18854 | D:11     | Killed a death knight
 19019 | D:11     | Found a transporter.
 19024 | D:11     | Noticed a deep elf knight
 19512 | D:11     | Found a transporter.
 19574 | D:11     | Noticed Harold
 19589 | D:11     | Killed Harold
 19829 | D:11     | Found a staircase to the Lair.
 19982 | D:11     | Noticed a soul eater
 19984 | D:11     | HP: 2/88 [something (13)]
 19986 | D:11     | Killed from afar by a deep elf knight

Illustrated notes

Levels and vault maps discovered:
D:1:      minmay_arrival_stair_chambers, layout_basic
D:2:      layout_loops_ring, serial_shops, shop, uniq_robin,
          uniq_crazy_yiuf_cottage
D:3:      layout_rooms
D:4:      layout_loops_cross, lemuel_doored_altar, kennysheep_small_spiral,
          uniq_blork_the_orc
D:5:      layout_loops_corners, minmay_temple_entry_from_below_a,
          abandoned_shop, st_stairs_2, kennysheep_boxes
D:6:      layout_loops_ring, lemuel_round_altar, yredelemnul_altar_generic,
          amcnicky_mini_rare_corridor_liquid
D:7:      layout_rooms, minmay_misc_feat_more_columns
D:8:      minmay_separated_statues, layout_basic, general_overflow_altar,
          serial_shops, nicolae_shop_stone, lemuel_flame_loot_1
D:9:      layout_basic, gammafunk_ghost_icy
D:10:     layout_basic, hangedman_decor_diamond_cutter,
          hangedman_decor_peaks_small, grunt_decor_one_mirror, uniq_maurice
D:11:     gammafunk_wand_slinger, layout_long_grid, erik_lair_orcish_takeover,
          orc_david_3, uniq_harold
D:12:     layout_roguey

Skill      XL: |  1  2  3  4  5  6  7  8  9 10 11 12 |
---------------+-------------------------------------+-----
Polearms       | 4 5 7 8 10 11 12 | 12.5
Armour         | 3 4 5 7 8 9 |  9.0
Dodging        | 3 4 5 7 8 9 |  9.0
Fighting       | 4 5 6 7 8 9 |  9.4
Shields        | 1 2 3 4 |  4.0

Action                   |  1- 3 |  4- 6 |  7- 9 | 10-12 || total
-------------------------+-------+-------+-------+-------++-------
Melee: Spear             |   120 |   181 |       |   216 ||   517
       Halberd           |       |    25 |    62 |       ||    87
       Trident           |       |       |   402 |   643 ||  1045
Invok: Berserk           |       |     5 |     7 |    19 ||    31
       Trog's Hand       |       |       |       |     2 ||     2
Evoke: Wand              |       |       |       |     3 ||     3
  Use: Scroll            |       |       |    11 |    11 ||    22
       Potion            |       |       |       |     5 ||     5
 Stab: Sleeping          |     1 |       |       |       ||     1
Armor: Scale mail        |    28 |    58 |    29 |       ||   115
       Animal skin       |     2 |       |       |       ||     2
       Plate armour      |       |       |   184 |   380 ||   564
Dodge: Dodged            |    59 |    59 |   101 |   208 ||   427
Block: Buckler           |       |     5 |    50 |   109 ||   164

Table legend: (Time is in decaauts)
 A = Elapsed time spent in this place.
 B = Non-inter-level travel time spent in this place.
 C = Inter-level travel time spent in this place.
 D = Time resting spent in this place.
 E = Time spent auto-exploring this place.
 F = Levels seen in this place.
 G = Mean time per level.
                   A        B        C        D        E       F      G
               +--------+--------+--------+--------+--------+-----+--------+
         Total |  19970 |  19396 |    574 |   6657 |   9988 |  12 | 1664.2 |
       Dungeon |  19970 |  19396 |    574 |   6657 |   9988 |  12 | 1664.2 |
               +--------+--------+--------+--------+--------+-----+--------+

Top non-repeatable levels by time:
     D:4: 2808 daAuts
     D:5: 2432 daAuts
     D:9: 2044 daAuts
     D:8: 1787 daAuts
     D:6: 1723 daAuts
     D:2: 1658 daAuts
    D:11: 1615 daAuts
    D:10: 1399 daAuts
    D:12: 1372 daAuts
     D:7: 1322 daAuts
     D:1: 1261 daAuts
     D:3: 544 daAuts
